 Dungeon Crawl Stone Soup version 0.29.0-4-gdea44cf6ec (webtiles) character file.

Game seed: 33921073115154288

7438 qw the Cleaver (level 11, -1/69 HPs)
             Began as a Gargoyle Berserker on Sept 5, 2022.
             Was a Priest of Trog.
             Slain by a komodo dragon (12 damage)
             ... on level 1 of the Lair of Beasts.
             The game lasted 00:03:41 (11387 turns).

qw the Cleaver (Gargoyle Berserker)                Turns: 11387, Time: 00:03:41

Health: -1/69      AC: 30    Str: 24    XL:     11   Next: 15%
Magic:  11/11      EV:  6    Int:  9    God:    Trog [***...]
Gold:   77         SH: 10    Dex:  9    Spells: 10/10 levels left

rFire   . . .      SeeInvis .   b - +0 war axe
rCold   . . .      Faith    .   j - +0 kite shield
rNeg    + . .      Spirit   .   f - +0 plate armour
rPois   inf        Reflect  .   (no helmet)
rElec   +          Harm     .   p - +0 cloak
rCorr   .          Rampage  .   q - +0 pair of gloves
Will    .....                   g - +1 pair of boots
Stlth   ..........              (no amulet)
HPRegen 0.21/turn               l - +4 ring of protection
MPRegen 0.12/turn               (no ring)

@: on berserk cooldown, slowed, very slow
A: sickness immunity, AC +8, negative energy resistance 1, electricity
resistance, torment resistance 1, petrification resistance
a: Renounce Religion, Berserk, Trog's Hand


You were on level 1 of the Lair of Beasts.
You worshipped Trog.
Trog was most pleased with you.
You visited 2 branches of the dungeon, and saw 9 of its levels.

You collected 424 gold pieces.
You spent 347 gold pieces at shops.


Innate Abilities, Weirdness & Mutations

You are immune to sickness and miasma.
Your stone body is resilient. (AC +8)
You are immune to poison.
You resist negative energy. (rN+)
You are resistant to electric shocks. (rElec)
You are resistant to unholy torment.
You are immune to petrification.


   Skills:
 - Level 8.3 Fighting
 + Level 10.7 Axes
 - Level 1.8 Throwing
 - Level 7.0 Armour
 - Level 1.5 Dodging
 - Level 9.1 Shields


You had 10 spell levels left.
You didn't know any spells.
Your spell library was empty.

Inventory:

Hand Weapons
 a - a +0 flail
 b - a +0 war axe (weapon)
Armour
 f - a +0 plate armour (worn)
 g - a +1 pair of boots (worn)
 j - a +0 kite shield (worn)
 p - a +0 cloak (worn)
 q - a +0 pair of gloves (worn)
Jewellery
 l - a +4 ring of protection (left hand)
Scrolls
 i - a scroll of identify
Potions
 c - 4 potions of curing
 d - a potion of might
 k - 2 potions of haste
 m - a potion of invisibility {unknown}
 o - a potion of mutation {unknown}

Dungeon Overview and Level Annotations

Branches:
Dungeon (8/15)             Temple (0/1) D:6            Lair (1/5) D:8

Altars:
Ashenzari
Fedhas
Gozag
Kikubaaqudgha

Shops:
D:2 [   D:4 [   D:5 [   D:7 [   D:8 (

Annotations:
D:3 1 runed translucent door, Crazy Yiuf
Lair:1 Fannar, Grum


Message History

You barely miss the komodo dragon. The wolf bites you.
Grum hits you but does no damage. You block the wolf's attack.
You block the komodo dragon's attack.
Grum hits you from afar with a -1 spear.
The wolf bites you but does no damage. You block the wolf's attack.
The komodo dragon barely misses you.
You closely miss the wolf.
The wolf is almost dead.
You barely miss the komodo dragon. You barely miss the wolf.
You block the wolf's attack. The wolf bites you but does no damage.
Grum hits you from afar with a -1 spear!
You block the wolf's attack. The wolf bites you but does no damage.
The komodo dragon bites you but does no damage.
The wolf bites you but does no damage. Grum hits you but does no damage.
You block the wolf's attack.
You hit the wolf.
You kill the wolf!
Trog accepts your kill.
You hit the wolf but do no damage. x2; You hit the komodo dragon.
The wolf barely misses you. The wolf completely misses you.
You block the wolf's attack.
The komodo dragon bites you but does no damage.
You block Grum's attack. You block the wolf's attack. x2
The komodo dragon bites you!
11386 ||| DRINKING potion of heal wounds.
You feel much better. The wolf bites you but does no damage.
The wolf completely misses you. You block Grum's attack.
The wolf bites you but does no damage.
The komodo dragon bites you but does no damage.
You block the wolf's attack. The komodo dragon bites you!!
Grum closely misses you. The wolf barely misses you.
The komodo dragon bites you but does no damage.
You barely miss the komodo dragon.
The komodo dragon is lightly wounded.
You hit the wolf. You hit the komodo dragon. You hit the wolf.
The wolf bites you but does no damage. x3
The komodo dragon bites you but does no damage.
The wolf bites you but does no damage. You block Grum's attack.
The komodo dragon bites you!
You die...

#. .... ..# ##.
#.##P.# #.# ##.
#. ##.# #.. #P.
##. #.#####.#
####. ..
#S....#.####P..[
#.####.#
#..##......
#..#^.#
#.#...#.#.
#...l.##
#....####.
#..@lg.# #<####
#. #..hh..#....#
#.
.....####....##
#. ####..# #..##
#. ##.# ##.# .
#.. # #.# ..


You could see 2 komodo dragons, Grum and 2 wolves.

Vanquished Creatures
  A centaur warrior (D:7)
  2 cane toads (Lair:1)
  A komodo dragon (Lair:1)
  A hornet (D:7)
  A slime creature (D:7)
  A vampire (D:8)
  14 yaks (D:8)
  An orc warrior (D:8)
  4 ice beasts
  A sky beast (D:7)
  2 black bears (D:7)
  An ogre (D:4)
  A wolf (Lair:1)
  4 centaurs
  2 phantoms (D:5)
  8 bullfrogs
  2 kobold brigands
  A necrophage (D:5)
  A gnoll sergeant (D:7)
  4 scorpions
  5 killer bees (D:7)
  2 howler monkeys
  2 jellies (D:7)
  3 gnoll boudas
  5 hounds
  3 orc priests
  Natasha (D:3)
  3 orc wizards
  16 gnolls
  5 adders
  5 white imps
  An ufetubus (D:4)
  2 worms (D:2)
  2 dart slugs
  16 orcs
  7 endoplasms
  A giant cockroach (D:1)
  7 hobgoblins
  2 jackals (D:4)
  4 quokkas
  3 ball pythons
  A bat (D:1)
  2 frilled lizards
  16 goblins
  10 kobolds
  8 rats
185 creatures vanquished.

Vanquished Creatures (others)
  10 demonic plants (D:3)
  8 fungi
  7 plants
  2 withered plants (D:3)
27 creatures vanquished.

Grand Total: 212 creatures vanquished

Notes
Turn   | Place    | Note
-------+----------+-------------------------------------------
     0 | D:1      | qw the Gargoyle Berserker began the quest for the Orb.
     0 | D:1      | Reached XP level 1. HP: 14/14 MP: 1/1
     0 | D:1      | 0 ||| qw: Version: 0.1-a-104-g96f76f8
     0 | D:1      | 0 ||| qw: Game counter: 5926
     0 | D:1      | 0 ||| qw: Always use a shield: true
     0 | D:1      | 0 ||| qw: Do Orc after D:15 true
     0 | D:1      | 0 ||| qw: Do second Lair branch before Depths: true
     0 | D:1      | 0 ||| qw: Lair rune preference: random
     0 | D:1      | 0 ||| qw: Plans: Normal
     0 | D:1      | 0 ||| PLANNING D:1-11
   250 | D:1      | 250 ||| Stepping ~*~*~tactically~*~*~ (stealth).
   254 | D:1      | Reached skill level 3 in Axes
   259 | D:1      | 259 ||| INVOKING Berserk.
   262 | D:1      | Reached XP level 2. HP: 13/19 MP: 2/2
  1243 | D:1      | 1243 ||| UPGRADING to +0 plate armour.
  1253 | D:1      | 1253 ||| DROPPING +0 animal skin.
  1254 | D:1      | 1254 ||| READING scroll labelled QOMAPHODIS.
  1306 | D:2      | 1306 ||| INVOKING Berserk.
  1312 | D:2      | Reached XP level 3. HP: 21/23 MP: 3/3
  1317 | D:2      | Reached skill level 4 in Axes
  1323 | D:2      | Reached XP level 4. HP: 7/28 MP: 4/4
  1540 | D:2      | 1540 ||| Stepping ~*~*~tactically~*~*~ (hiding).
  1541 | D:2      | 1541 ||| Stepping ~*~*~tactically~*~*~ (hiding).
  1542 | D:2      | 1542 ||| Stepping ~*~*~tactically~*~*~ (hiding).
  1543 | D:2      | 1543 ||| Stepping ~*~*~tactically~*~*~ (hiding).
  1544 | D:2      | 1544 ||| Stepping ~*~*~tactically~*~*~ (hiding).
  1547 | D:2      | 1547 ||| INVOKING Berserk.
  1561 | D:2      | 1561 ||| Stepping ~*~*~tactically~*~*~ (stealth).
  1590 | D:2      | 1590 ||| Stepping ~*~*~tactically~*~*~ (stealth).
  1591 | D:2      | 1591 ||| FLEEEEING.
  1592 | D:2      | 1592 ||| FLEEEEING.
  1593 | D:2      | 1593 ||| FLEEEEING.
  1594 | D:2      | 1594 ||| FLEEEEING.
  1599 | D:2      | 1599 ||| FLEEEEING.
  1608 | D:2      | 1608 ||| INVOKING Berserk.
  1613 | D:2      | 1613 ||| STAIRDANCE
  1734 | D:2      | 1734 ||| INVOKING Berserk.
  1735 | D:2      | 1735 ||| STAIRDANCE
  1859 | D:2      | 1859 ||| INVOKING Berserk.
  2243 | D:2      | Reached skill level 5 in Axes
  2307 | D:2      | 2307 ||| DROPPING +0 club.
  2368 | D:2      | Reached XP level 5. HP: 31/32 MP: 5/5
  2581 | D:2      | Found Vajaox's Armour Shop.
  2589 | D:2      | 2589 ||| BUYING +0 pair of boots (49 gold).
  2589 | D:2      | Bought a +0 pair of boots for 49 gold pieces
  2589 | D:2      | 2589 ||| SHOPLISTING +1 helmet (126 gold, have 8).
  2664 | D:2      | 2664 ||| Stepping ~*~*~tactically~*~*~ (stealth).
  2879 | D:2      | 2879 ||| UPGRADING to +0 pair of boots.
  2884 | D:2      | 2884 ||| READING scroll labelled MIETZAEF NOLID.
  2885 | D:2      | 2885 ||| READING scroll labelled LOAKLA RIVVIB.
  2886 | D:2      | 2886 ||| READING scroll labelled TUZELEIPRE.
  2889 | D:2      | 2889 ||| DRINKING 3 lumpy inky potions.
  2917 | D:3      | 2917 ||| STAIRDANCE
  2922 | D:3      | 2922 ||| STAIRDANCE
  2945 | D:3      | Found a blossoming altar of Fedhas.
  3007 | D:3      | Reached skill level 3 in Armour
  3133 | D:3      | Found a broken altar of Ashenzari.
  3157 | D:3      | 3157 ||| Stepping ~*~*~tactically~*~*~ (hiding).
  3158 | D:3      | 3158 ||| Stepping ~*~*~tactically~*~*~ (hiding).
  3164 | D:3      | 3164 ||| INVOKING Berserk.
  3174 | D:3      | 3174 ||| Stepping ~*~*~tactically~*~*~ (hiding).
  3177 | D:3      | 3177 ||| Stepping ~*~*~tactically~*~*~ (hiding).
  3248 | D:3      | 3248 ||| FLEEEEING.
  3317 | D:3      | 3317 ||| INVOKING Berserk.
  3576 | D:3      | Found a runed translucent door.
  3577 | D:3      | Noticed Crazy Yiuf
  3659 | D:3      | Noticed Natasha
  3660 | D:3      | 3660 ||| Stepping ~*~*~tactically~*~*~ (hiding).
  3664 | D:3      | 3664 ||| INVOKING Berserk.
  3667 | D:3      | Reached XP level 6. HP: 38/38 MP: 6/6
  3668 | D:3      | Killed Natasha
  3676 | D:3      | 3676 ||| Stepping ~*~*~tactically~*~*~ (hiding).
  3688 | D:3      | HP: 9/38 [gnoll bouda/+0 club (4)]
  3689 | D:3      | 3689 ||| DRINKING 2 potions of heal wounds.
  3713 | D:3      | 3713 ||| INVOKING Berserk.
  3913 | D:3      | 3913 ||| READING scroll of enchant armour.
  3913 | D:3      | 3913 ||| ENCHANTING +0 pair of boots.
  3923 | D:3      | Found a faded altar of an unknown god.
  4029 | D:3      | Reached ** piety under Trog
  4185 | D:3      | 4185 ||| READING scroll labelled NOKLEAHUIM.
  4186 | D:3      | 4186 ||| READING scroll labelled OWOMOITW SUMMU.
  4187 | D:3      | 4187 ||| READING scroll labelled SOS NIXUTELITI.
  4188 | D:3      | 4188 ||| DRINKING 2 sapphire potions.
  4189 | D:3      | 4189 ||| DROPPING potion of degeneration.
  4343 | D:4      | Reached skill level 6 in Axes
  4343 | D:4      | 4343 ||| INVOKING Berserk.
  4344 | D:4      | 4344 ||| INVOKING Berserk.
  4361 | D:4      | Reached XP level 7. HP: 27/43 MP: 7/7
  5081 | D:4      | Found Eqoappoi's Armour Shop.
  5088 | D:4      | 5088 ||| BUYING +0 cloak (63 gold).
  5088 | D:4      | Bought a +0 cloak for 63 gold pieces
  5088 | D:4      | 5088 ||| BUYING +0 pair of gloves (63 gold).
  5088 | D:4      | Bought a +0 pair of gloves for 63 gold pieces
  5088 | D:4      | 5088 ||| SHOPLISTING +6 scale mail of Mirth {rPois rF+
                  | SInv} (789 gold, have 26).
  5281 | D:4      | 5281 ||| UPGRADING to +0 cloak.
  5286 | D:4      | 5286 ||| UPGRADING to +0 pair of gloves.
  5291 | D:4      | 5291 ||| READING 3 scrolls labelled DEXIEVO RYIZOSCH.
  5292 | D:4      | 5292 ||| READING 3 scrolls labelled MAISIO GEIMOO.
  5293 | D:4      | 5293 ||| DRINKING 2 purple potions.
  5294 | D:4      | 5294 ||| READING 2 scrolls of identify.
  5294 | D:4      | 5294 ||| IDENTIFYING viscous blue potion
  5295 | D:4      | 5295 ||| DROPPING 2 scrolls of amnesia.
  5296 | D:4      | 5296 ||| DROPPING 2 scrolls of noise.
  5297 | D:4      | 5297 ||| DROPPING potion of flight.
  5314 | D:5      | Entered Level 5 of the Dungeon
  5314 | D:5      | Found an ancient bone altar of Kikubaaqudgha.
  5331 | D:5      | 5331 ||| Stepping ~*~*~tactically~*~*~ (hiding).
  5664 | D:5      | Reached skill level 7 in Axes
  5871 | D:5      | 5871 ||| INVOKING Berserk.
  5884 | D:5      | Reached XP level 8. HP: 31/48 MP: 8/8
  6364 | D:5      | Found Qedeth's Armour Shop.
  6711 | D:5      | 6711 ||| READING scroll labelled OTRO QAONUFAM.
  6712 | D:5      | 6712 ||| READING scroll labelled ZIDORO NUOGEC.
  6713 | D:5      | 6713 ||| READING scroll labelled HASYIR QUHOEDE.
  6714 | D:5      | 6714 ||| DRINKING 2 pink potions.
  6715 | D:5      | 6715 ||| READING 3 scrolls of identify.
  6715 | D:5      | 6715 ||| IDENTIFYING clear potion
  6716 | D:5      | 6716 ||| READING 2 scrolls of identify.
  6716 | D:5      | 6716 ||| IDENTIFYING inky potion
  6717 | D:5      | 6717 ||| DROPPING potion of attraction.
  6732 | D:6      | 6732 ||| INVOKING Berserk.
  6855 | D:6      | 6855 ||| DROPPING +0 whip.
  6909 | D:6      | Reached skill level 1 in Throwing
  7032 | D:6      | 7032 ||| Stepping ~*~*~tactically~*~*~ (stealth).
  7033 | D:6      | 7033 ||| Stepping ~*~*~tactically~*~*~ (stealth).
  7039 | D:6      | 7039 ||| Stepping ~*~*~tactically~*~*~ (stealth).
  7067 | D:6      | Reached skill level 8 in Axes
  7069 | D:6      | 7069 ||| INVOKING Berserk.
  7079 | D:6      | 7079 ||| Stepping ~*~*~tactically~*~*~ (stealth).
  7199 | D:6      | 7199 ||| Stepping ~*~*~tactically~*~*~ (stealth).
  7291 | D:6      | Found a staircase to the Ecumenical Temple.
  7324 | D:6      | 7324 ||| Stepping ~*~*~tactically~*~*~ (stealth).
  7371 | D:6      | 7371 ||| Stepping ~*~*~tactically~*~*~ (hiding).
  7380 | D:6      | Reached skill level 6 in Fighting
  7718 | D:6      | 7718 ||| DRINKING 2 golden potions.
  7759 | D:6      | 7759 ||| DROPPING potion of lignification.
  7793 | D:7      | Reached skill level 6 in Armour
  7797 | D:7      | Reached XP level 9. HP: 36/55 MP: 9/9
  7805 | D:7      | 7805 ||| INVOKING Berserk.
  8129 | D:7      | Noticed a hornet
  8141 | D:7      | 8141 ||| INVOKING Berserk.
  8149 | D:7      | Killed a hornet
  8150 | D:7      | Reached skill level 9 in Axes
  8522 | D:7      | 8522 ||| INVOKING Berserk.
  8677 | D:7      | 8677 ||| INVOKING Berserk.
  8790 | D:7      | 8790 ||| Stepping ~*~*~tactically~*~*~ (hiding).
  8813 | D:7      | Noticed a centaur warrior
  8823 | D:7      | 8823 ||| INVOKING Berserk.
  8827 | D:7      | Killed a centaur warrior
  8828 | D:7      | Reached skill level 10 in Axes
  9101 | D:7      | 9101 ||| INVOKING Berserk.
  9106 | D:7      | Reached XP level 10. HP: 63/63 MP: 10/10
  9251 | D:7      | 9251 ||| INVOKING Berserk.
  9447 | D:7      | Found Veut's Armour Boutique.
  9648 | D:7      | 9648 ||| Stepping ~*~*~tactically~*~*~ (hiding).
  9652 | D:7      | 9652 ||| INVOKING Berserk.
  9673 | D:7      | HP: 15/64 [gnoll sergeant/+0 spear of venom (5)]
  9674 | D:7      | 9674 ||| READING 3 scrolls of teleportation.
  9675 | D:7      | 9675 ||| DRINKING 4 potions of heal wounds.
 10070 | D:7      | 10070 ||| UPGRADING to +0 kite shield.
 10075 | D:7      | 10075 ||| READING scroll labelled QIPEHI KYOMO.
 10149 | D:8      | 10149 ||| SWAPPING to +0 war axe.
 10150 | D:8      | 10150 ||| DROPPING +1 hand axe.
 10152 | D:8      | 10152 ||| Stepping ~*~*~tactically~*~*~ (stealth).
 10162 | D:8      | Reached skill level 1 in Shields
 10165 | D:8      | Reached *** piety under Trog
 10215 | D:8      | 10215 ||| Stepping ~*~*~tactically~*~*~ (stealth).
 10228 | D:8      | Reached skill level 3 in Shields
 10236 | D:8      | 10236 ||| INVOKING Berserk.
 10287 | D:8      | 10287 ||| Stepping ~*~*~tactically~*~*~ (stealth).
 10288 | D:8      | 10288 ||| Stepping ~*~*~tactically~*~*~ (stealth).
 10428 | D:8      | Found a flagged portal.
 10442 | D:8      | 10442 ||| Stepping ~*~*~tactically~*~*~ (stealth).
 10445 | D:8      | 10445 ||| Stepping ~*~*~tactically~*~*~ (stealth).
 10464 | D:8      | Found Jaciokla's Antique Weapon Shop.
 10478 | D:8      | 10478 ||| BUYING twisted whip (172 gold).
 10478 | D:8      | Bought a twisted whip for 172 gold pieces
 10478 | D:8      | Identified the +6 whip "Oshrim" {venom, rElec Dex+3 Stlth+}
                  | (You bought it in a shop on level 8 of the Dungeon)
 10478 | D:8      | 10478 ||| DROPPING +6 whip "Oshrim" {venom, rElec Dex+3
                  | Stlth+}.
 10496 | D:8      | 10496 ||| Stepping ~*~*~tactically~*~*~ (stealth).
 10512 | D:8      | 10512 ||| Stepping ~*~*~tactically~*~*~ (stealth).
 10542 | D:8      | 10542 ||| Stepping ~*~*~tactically~*~*~ (stealth).
 10543 | D:8      | 10543 ||| Stepping ~*~*~tactically~*~*~ (stealth).
 10545 | D:8      | 10545 ||| Stepping ~*~*~tactically~*~*~ (hiding).
 10605 | D:8      | Found an opulent altar of Gozag.
 10627 | D:8      | 10627 ||| Stepping ~*~*~tactically~*~*~ (stealth).
 10632 | D:8      | 10632 ||| Stepping ~*~*~tactically~*~*~ (stealth).
 10648 | D:8      | Reached skill level 6 in Shields
 10654 | D:8      | 10654 ||| INVOKING Berserk.
 10854 | D:8      | Found a staircase to the Lair.
 11000 | D:8      | 11000 ||| Stepping ~*~*~tactically~*~*~ (stealth).
 11004 | D:8      | 11004 ||| INVOKING Berserk.
 11011 | D:8      | Reached XP level 11. HP: 68/68 MP: 11/11
 11197 | D:8      | 11197 ||| PLANNING LAIR
 11197 | D:8      | 11197 ||| UPGRADING to +4 ring of protection.
 11225 | Lair:1   | Entered Level 1 of the Lair of Beasts
 11238 | Lair:1   | 11238 ||| INVOKING Berserk.
 11246 | Lair:1   | Reached skill level 9 in Shields
 11296 | Lair:1   | 11296 ||| INVOKING Berserk.
 11305 | Lair:1   | Noticed Fannar
 11316 | Lair:1   | HP: 15/69 [Fannar/staff of cold (7)]
 11317 | Lair:1   | 11317 ||| READING 2 scrolls of teleportation.
 11317 | Lair:1   | HP: 3/69 [Fannar/staff of cold (12)]
 11318 | Lair:1   | 11318 ||| DRINKING 3 potions of heal wounds.
 11357 | Lair:1   | 11357 ||| INVOKING Berserk.
 11377 | Lair:1   | HP: 14/69 [blink frog (9)]
 11378 | Lair:1   | 11378 ||| READING scroll of teleportation.
 11379 | Lair:1   | 11379 ||| DRINKING 2 potions of heal wounds.
 11380 | Lair:1   | Noticed Grum
 11385 | Lair:1   | HP: 3/69 [komodo dragon (16)]
 11386 | Lair:1   | 11386 ||| DRINKING potion of heal wounds.
 11387 | Lair:1   | Slain by a komodo dragon

Levels and vault maps discovered:
D:1:      lightli_arrival_statuegarden, layout_loops_corners
D:2:      layout_loops_ring, serial_shops, shop
D:3:      cheibrodos_greedy_goblins, layout_basic,
          mainiacjoe_overflow_catch_the_wave, shapermc_ecumenical_altar_gd,
          uniq_crazy_yiuf_cottage, uniq_natasha
D:4:      layout_basic, serial_shops, nicolae_diamond_shop
D:5:      layout_layer_cave, mainiacjoe_overflow_tiny_flanked, serial_shops,
          nicolae_shop_stone, minmay_misc_feat_enclosed,
          minmay_tree_intersection
D:6:      layout_basic, minmay_temple_entry_statues_fountains
D:7:      nzn_winding_woodlands_cross [nzn_winding_woodlands_5x15_twine,
          nzn_winding_woodlands_5x15_eye, nzn_winding_woodlands_5x15_zeroes,
          nzn_winding_woodlands_5x15_crooked,
          nzn_winding_woodlands_15x15_boxy_spiral], layout_cave_pods,
          serial_shops, shop_fountains
D:8:      hellmonk_crumbling_castle, layout_rooms, kennysheep_mini,
          serial_shops, shop_fountains, enter_bailey_6,
          grunt_decor_mini_mirrors, kennysheep_generic_room_5
Lair:1:   layout_loops_ring, uniq_fannar, uniq_grum

Skill      XL: |  1  2  3  4  5  6  7  8  9 10 11 |
---------------+----------------------------------+-----
Axes           | 3 4 5 6 7 8 10 | 10.7
Armour         | 3 4 6 7 |  7.0
Fighting       | 4 6 7 8 |  8.3
Throwing       | 1 |  1.8
Shields        | 8 9 |  9.1
Dodging        | |  1.5

Action                   |  1- 3 |  4- 6 |  7- 9 | 10-12 || total
-------------------------+-------+-------+-------+-------++-------
Melee: Hand axe          |    51 |   224 |   373 |    86 ||   734
       Punch             |     1 |     3 |     1 |     2 ||     7
       War axe           |       |       |       |   162 ||   162
Throw: Boomerang         |       |       |    11 |       ||    11
Invok: Berserk           |     2 |     9 |     9 |     8 ||    28
  Use: Scroll            |     1 |     7 |     8 |     4 ||    20
       Potion            |       |     3 |     3 |     4 ||    10
Armor: Animal skin       |    10 |       |       |       ||    10
       Plate armour      |     6 |   143 |   341 |   232 ||   722
Dodge: Dodged            |    20 |    53 |   124 |    79 ||   276
Block: Kite shield       |       |       |       |    91 ||    91

Table legend:
 A = Non-vault XP
 B = Vault XP
 C = Vault XP percentage of total XP
 D = Non-vault monster count
 E = Vault monster count
 F = Vault count percentage of total count
                 A         B        C        D         E       F
            +---------+---------+-------+---------+---------+-------
      Total |    8130 |    2496 |  23.5 |     158 |      27 |  14.6
            +---------+---------+-------+---------+---------+-------
        D:1 |      24 |       0 |   0.0 |      17 |       0 |   0.0
        D:2 |     156 |       0 |   0.0 |      26 |       0 |   0.0
        D:3 |     205 |      51 |  19.9 |      14 |       9 |  39.1
        D:4 |     304 |       0 |   0.0 |      13 |       0 |   0.0
        D:5 |     709 |       0 |   0.0 |      17 |       0 |   0.0
        D:6 |     826 |       0 |   0.0 |      21 |       0 |   0.0
        D:7 |    1076 |    2033 |  65.4 |      17 |      15 |  46.9
        D:8 |    3562 |     296 |   7.7 |      29 |       2 |   6.5
     Lair:1 |    1268 |     116 |   8.4 |       4 |       1 |  20.0
            +---------+---------+-------+---------+---------+-------
